 Dungeon Crawl Stone Soup version 0.19.3-4-gbf9329e (console) character file.

15276 itsmu the Transmogrifier (level 12, -2/90 (91) HPs)
             Began as a Formicid Transmuter on Jan 29, 2017.
             Was a Believer of Uskayaw.
             Slain by a komodo dragon (7 damage)
             ... on level 3 of the Lair of Beasts.
             The game lasted 01:31:52 (22977 turns).

itsmu the Transmogrifier (Formicid Transmuter)     Turns: 22977, Time: 01:31:52

HP:   -2/90 (91)    AC:  6    Str: 16    XL:     12   Next: 55%
MP:   14/21         EV: 15    Int: 17    God:    Uskayaw [**....]
Gold: 1118          SH:  0    Dex: 11    Spells: 6 memorised, 7 levels left

rFire  + . .     SeeInvis +       - Unarmed
rCold  + . .     Gourm    .     b - +1 robe {rF+}
rNeg   . . .     Faith    .     (shield currently unavailable)
rPois  .         Spirit   .     (helmet unavailable)
rElec  .         Reflect  .     (no cloak)
rCorr  +         Harm     .     (gloves currently unavailable)
MR     +....                    k - +2 pair of boots of the Assassin {DetectMon Stab+ Stlth++}
Stlth  +++.......               (no amulet)
                                C - ring of resist corrosion
                                d - ring of protection from cold

@: blade hands, regenerating
A: permanent stasis, dig shafts and tunnels, four strong arms, antennae 3
a: Dig, Shaft Self, End Transformation, Stomp, Line Pass, Renounce Religion


You were on level 3 of the Lair of Beasts.
You worshipped Uskayaw.
Uskayaw was noncommittal.
You were very full.
You had blades for hands.
You visited 3 branches of the dungeon, and saw 15 of its levels.

You collected 1178 gold pieces.
You spent 60 gold pieces at shops.

Inventory:

Hand Weapons
 q - the +6 hand crossbow of Quick Death {velocity, rElec rN+ Dex-3, unknown}
   (You found it on level 3 of the Lair of Beasts)

   Any bolt fired from it inflicts extra damage.
   It affects your dexterity (-3).
   It insulates you from electricity.
   It protects you from negative energy.
Armour
 b - a +1 robe of fire resistance (worn)
   (You found it on level 1 of the Lair of Beasts)
 k - the +2 pair of boots of the Assassin (worn) {DetectMon Stab+ Stlth++}
   (You found it on level 6 of the Dungeon)

   It makes you much more stealthy.
Jewellery
 c - an uncursed ring of flight
   (You found it on level 1 of the Lair of Beasts)
 d - a ring of protection from cold (left scythe-like blade)
   (You found it on level 9 of the Dungeon)
 p - an uncursed ring of fire
   (You found it on level 6 of the Dungeon)
 v - an uncursed ring of protection from cold
   (You found it on level 6 of the Dungeon)
 C - a ring of resist corrosion (right scythe-like blade)
   (You found it on level 11 of the Dungeon)
Wands
 a - a wand of iceblast (0/15)
   (You found it on level 10 of the Dungeon)
 f - a wand of iceblast (9/15)
   (You found it on level 2 of the Lair of Beasts)
 h - a wand of disintegration (16/24)
   (You found it on level 2 of the Lair of Beasts)
 j - a wand of acid (2/15)
   (You found it on level 5 of the Dungeon)
 l - a wand of acid (5/15)
   (You found it on level 2 of the Lair of Beasts)
 o - a wand of acid (13/15)
   (You found it on level 2 of the Lair of Beasts)
 r - a wand of lightning (7/15)
   (You found it on level 3 of the Lair of Beasts)
 t - a wand of flame (37/48)
   (You found it on level 5 of the Dungeon)
 u - a wand of digging (10/24)
   (You found it on level 9 of the Dungeon)
 D - a wand of disintegration (9/24)
   (You found it on level 11 of the Dungeon)
 M - a wand of flame (28/48)
   (You found it on level 8 of the Dungeon)
Scrolls
 e - 2 scrolls of fog
 y - 2 scrolls of recharging
Potions
 n - a potion of magic
 x - a potion of lignification
 B - a potion of might
 E - a potion of flight
Comestibles
 g - 3 chunks of flesh
 i - 8 fruits
 m - 4 meat rations
 s - 7 bread rations
 z - 4 beef jerkies
 A - 2 royal jellies


   Skills:
 - Level 7.1 Fighting
 - Level 6.3 Dodging
 - Level 7.5 Unarmed Combat
 - Level 6.4 Spellcasting
 - Level 4.9 Charms
 + Level 5.4 Necromancy
 - Level 12.5 Transmutations
 - Level 4.0 Poison Magic
 - Level 4.6 Invocations


You had 7 spell levels left.
You knew the following spells:

 Your Spells              Type           Power        Failure   Level  Hunger
a - Beastly Appendage     Tmut           #####.       8%          1    None
b - Sticks to Snakes      Tmut           #####...     8%          2    None
c - Spider Form           Tmut/Pois      ####......   17%         3    ##.....
d - Blade Hands           Tmut           #####.....   21%         5    #####..
P - Song of Slaying       Chrm           ###.....     24%         2    None
R - Regeneration          Chrm/Necr      ###.......   36%         3    ##.....


Dungeon Overview and Level Annotations

Branches:
Dungeon (11/15)            Temple (1/1) D:7            Lair (3/6) D:11
 Shoals (0/4) Lair:2        Snake (0/4) Lair:2          Orc (0/2) D:10

Altars:
Ashenzari
Cheibriados
Dithmenos
Elyvilon
Fedhas
Gozag
Hepliaklqana
Kikubaaqudgha
Makhleb
Okawaru
Ru
Sif Muna
Uskayaw
Xom
Yredelemnul
Zin
The Shining One

Shops:
D:9 *   D:10 ?

Annotations:
D:2 Sigmund


Innate Abilities, Weirdness & Mutations

You are under a permanent stasis effect.
You can dig through walls and to a lower floor.
Your four strong arms can wield two-handed weapons with a shield.
You have a pair of large antennae on your head. (SInv)


Message History

Casting: Regeneration
Confirm with . or Enter, or press ? or * to list all spells.
Your hands turn into razor-sharp scythe blades.
You closely miss the komodo dragon. The komodo dragon bites you!!
You slice the komodo dragon!!
The komodo dragon is severely wounded.
The komodo dragon completely misses you.
You slash the komodo dragon!
The komodo dragon is almost dead.
The komodo dragon bites you!!
* * * LOW HITPOINT WARNING * * *
You can now pass through a line of other dancers.
You hit the komodo dragon.
The komodo dragon is almost dead.
The komodo dragon bites you!!
* * * LOW HITPOINT WARNING * * *
You hit the komodo dragon.
The komodo dragon is almost dead.
The komodo dragon bites you!
You die...

### ###.#### ########
#####.#.#.P######...#.##
........................
........................
#.la.###..#.###..###
#..#####..### #..# #
#..## #..(.# #...# #...#
##..## ...## #..## #...#
##..# #..# ##..### ...#
#.###..#####..P.##.....#
.........................
.........................


You could see a komodo dragon.

Vanquished Creatures
  A hill giant (D:9)
  2 ugly things (D:9)
  2 manticores
  2 black mambas (Lair:3)
  3 spiny frogs
  A komodo dragon (Lair:2)
  4 trolls
  2 hornets
  Grinder (D:6)
  3 hippogriffs
  A vampire (D:10)
  A wyvern (D:8)
  A basilisk (Lair:2)
  5 yaks (D:11)
  2 shadows (D:11)
  Eustachio (D:4)
  A naga (Lair:2)
  A soldier ant (D:8)
  6 water moccasins
  6 orc warriors
  4 porcupines (Lair:2)
  4 ice beasts
  3 sky beasts
  A swamp drake (D:10)
  A black bear (D:8)
  A necrophage (D:10)
  2 ogres
  An eye of draining (D:9)
  4 centaurs
  2 crocodiles (Lair:2)
  Blork the orc (D:5)
  7 bullfrogs
  5 scorpions
  8 killer bees
  A howler monkey (D:5)
  2 wights (D:11)
  7 crimson imps
  3 bullfrog zombies
  8 hounds
  A centaur zombie (D:6)
  4 jellies
  9 orc priests
  A centaur skeleton (D:8)
  12 orc wizards
  2 iguanas (D:9)
  13 worker ants
  A hound zombie (D:9)
  4 hound skeletons
  A worker ant zombie (D:11)
  9 gnolls
  7 adders
  2 shadow imps
  3 oozes
  An adder zombie (D:9)
  2 adder skeletons
  4 worms
  2 dart slugs (D:2)
  3 leopard geckos
  54 orcs
  3 giant cockroaches
  5 goblins
  15 hobgoblins
  2 jackals (D:1)
  3 quokkas
  3 ball pythons
  5 bats
  4 frilled lizards
  18 kobolds
  A leopard gecko skeleton (D:8)
  A leopard gecko zombie (D:5)
  A quokka zombie (D:6)
  9 rats
316 creatures vanquished.

Vanquished Creatures (collateral kills)
  2 hill giants
  A manticore (Lair:2)
  2 hornets (D:8)
  A basilisk (Lair:1)
  2 orc warriors
  A scorpion (D:4)
  A wight (D:11)
  An electric eel (Lair:1)
  2 bullfrog skeletons
  A jelly (D:8)
  3 orc priests
  An orc wizard (D:11)
  A worker ant (D:3)
  4 adders
  2 river rats (D:3)
  A worm (D:3)
  10 orcs
  A goblin (D:3)
  A quokka (D:11)
  A leopard gecko zombie (D:3)
  2 rats (D:3)
41 creatures vanquished.

Vanquished Creatures (others)
  2 fungi (Lair:2)
2 creatures vanquished.

Grand Total: 359 creatures vanquished

Notes
Turn   | Place    | Note
-------+----------+-------------------------------------------
     0 | D:1      | itsmu the Formicid Transmuter began the quest for the Orb.
     0 | D:1      | Reached XP level 1. HP: 15/15 MP: 3/3
   103 | D:1      | Reached XP level 2. HP: 21/21 MP: 3/5
   209 | D:1      | Learned a level 2 spell: Sticks to Snakes
   561 | D:1      | Reached XP level 3. HP: 23/26 MP: 4/6
   721 | D:2      | Noticed Sigmund
  1844 | D:3      | Reached XP level 4. HP: 14/33 MP: 0/7
  2060 | D:2      | Learned a level 3 spell: Spider Form
  2133 | D:2      | Reached skill level 3 in Transmutations
  3070 | D:3      | Found a glowing silver altar of Zin.
  3174 | D:3      | Reached skill level 4 in Transmutations
  3174 | D:3      | Reached XP level 5. HP: 28/38 MP: 5/8
  3936 | D:3      | Reached skill level 1 in Poison Magic
  4723 | D:4      | Noticed an ogre
  4724 | D:4      | really
  4851 | D:4      | Reached XP level 6. HP: 36/44 MP: 9/9
  4929 | D:4      | Noticed an ogre
  4971 | D:4      | Found a glowing golden altar of the Shining One.
  4980 | D:4      | Noticed an ogre
  5046 | D:5      | Entered Level 5 of the Dungeon
  5057 | D:4      | is this real
  5219 | D:4      | wtf is this
  5219 | D:4      | ogre dungeon
  5236 | D:4      | great
  5241 | D:4      | Reached skill level 5 in Transmutations
  5622 | D:4      | Reached XP level 7. HP: 28/49 MP: 5/10
  5668 | D:4      | Reached skill level 6 in Transmutations
  6039 | D:4      | Noticed Eustachio
  6166 | D:4      | y tho
  6166 | D:4      | all 3 upstairs are here too
  6411 | D:4      | Killed Eustachio
  6411 | D:4      | Reached skill level 7 in Transmutations
  6575 | D:4      | Reached XP level 8. HP: 19/56 MP: 2/11
  6772 | D:4      | Learned a level 5 spell: Blade Hands
  6848 | D:4      | Found a shadowy altar of Dithmenos.
  6849 | D:4      | Found a snail-covered altar of Cheibriados.
  6949 | D:4      | Reached skill level 8 in Transmutations
  7229 | D:5      | Found an iron altar of Okawaru.
  7719 | D:5      | Found a burning altar of Makhleb.
  7749 | D:5      | Reached skill level 9 in Transmutations
  8126 | D:5      | Noticed Blork the orc
  8139 | D:5      | Killed Blork the orc
  8487 | D:6      | Reached skill level 10 in Transmutations
  8590 | D:6      | Reached XP level 9. HP: 52/61 MP: 8/12
  8827 | D:6      | Noticed Grinder
  8848 | D:6      | Killed Grinder
  8848 | D:6      | Reached skill level 11 in Transmutations
 10161 | D:7      | Found a staircase to the Ecumenical Temple.
 10179 | Temple   | Entered the Ecumenical Temple
 10221 | Temple   | Became a worshipper of Uskayaw the Reveler
 10369 | D:7      | Reached * piety under Uskayaw
 10546 | D:7      | Reached ** piety under Uskayaw
 10891 | D:7      | Reached skill level 1 in Invocations
 11323 | D:8      | Reached *** piety under Uskayaw
 11640 | D:8      | Noticed a hill giant
 11684 | D:8      | Killed a hill giant
 11684 | D:8      | Reached XP level 10. HP: 71/71 MP: 3/16
 11701 | D:8      | Reached skill level 5 in Unarmed Combat
 11955 | D:8      | this is bad
 13056 | D:9      | Noticed a white ugly thing
 13057 | D:9      | Noticed a hill giant
 13266 | D:9      | Noticed a manticore
 13453 | D:8      | erm
 13471 | D:8      | Killed a manticore
 13471 | D:8      | Reached skill level 5 in Fighting
 14039 | D:10     | Entered Level 10 of the Dungeon
 14039 | D:10     | Found Roituytz's Magic Scroll Shop.
 14047 | D:10     | Bought a scroll of identify for 30 gold pieces
 14047 | D:10     | Bought a scroll of identify for 30 gold pieces
 14314 | D:9      | Reached skill level 5 in Spellcasting
 14327 | D:9      | Reached **** piety under Uskayaw
 14621 | D:9      | Reached skill level 12 in Transmutations
 14621 | D:9      | Reached XP level 11. HP: 33/80 MP: 13/18
 14860 | D:9      | Killed a white ugly thing
 14860 | D:9      | Reached skill level 5 in Dodging
 15443 | D:9      | Noticed a manticore
 15445 | D:9      | Noticed a red ugly thing
 15975 | D:9      | Learned a level 3 spell: Regeneration
 15987 | D:9      | Learned a level 2 spell: Song of Slaying
 16019 | D:9      | Killed a manticore
 16335 | D:9      | Killed a hill giant
 16335 | D:9      | Reached skill level 1 in Charms
 16335 | D:9      | Reached skill level 1 in Necromancy
 16358 | D:9      | Killed a red ugly thing
 16610 | D:9      | Found Yfuenkat's General Store.
 17224 | D:10     | Found a staircase to the Orcish Mines.
 17604 | D:10     | nice loot.
 18858 | D:11     | Noticed a hill giant
 18886 | D:11     | Killed a hill giant
 19079 | D:11     | Found a staircase to the Lair.
 19162 | D:11     | Reached XP level 12. HP: 62/88 MP: 13/20
 19163 | D:11     | Reached ***** piety under Uskayaw
 20020 | Lair:1   | Entered Level 1 of the Lair of Beasts
 20775 | Lair:2   | ...
 21350 | Lair:2   | Found a staircase to the Snake Pit.
 21536 | Lair:2   | Found a staircase to the Shoals.
 22646 | Lair:3   | Reached skill level 5 in Necromancy
 22656 | Lair:3   | oh
 22662 | Lair:2   | HP: 6/135 [poisoned by a black mamba]
 22666 | Lair:2   | HP: 2/135 [poisoned by a black mamba]
 22671 | Lair:2   | HP: 3/135 [poisoned by a black mamba]
 22676 | Lair:2   | HP: 6/135 [poisoned by a black mamba]
 22960 | Lair:3   | Got an ebony hand crossbow
 22976 | Lair:3   | HP: 4/90 [komodo dragon (29)]
 22977 | Lair:3   | Slain by a komodo dragon

Skill      XL: |  1  2  3  4  5  6  7  8  9 10 11 12 |
---------------+-------------------------------------+-----
Dodging        | 2 3 4 5 6 |  6.3
Transmutations | 4 5 7 10 11 12 | 12.5
Poison Magic   | 1 3 4 |  4.0
Fighting       | 3 5 6 7 |  7.1
Unarmed Combat | 4 6 7 |  7.5
Spellcasting   | 4 5 6 |  6.4
Invocations    | 1 3 4 |  4.6
Charms         | 4 |  4.9
Necromancy     | 4 5 |  5.4

Action                   |  1- 3 |  4- 6 |  7- 9 | 10-12 || total
-------------------------+-------+-------+-------+-------++-------
Melee: Unarmed           |   106 |   206 |   407 |   483 ||  1202
       Kick              |    18 |    35 |     5 |       ||    58
       Punch             |     1 |     3 |       |     4 ||     8
 Fire: Hunting sling     |       |     4 |       |       ||     4
 Cast: Beastly Appendage |    20 |    33 |     5 |       ||    58
       Sticks to Snakes  |    12 |    21 |    40 |    51 ||   124
       Spider Form       |       |     6 |    57 |    37 ||   100
       Blade Hands       |       |       |     3 |    44 ||    47
       Regeneration      |       |       |       |    19 ||    19
       Song of Slaying   |       |       |       |     5 ||     5
Invok: Line Pass         |       |       |       |     1 ||     1
 Abil: Dig               |     2 |     9 |     1 |     6 ||    18
       End Transformatio |       |       |     2 |     6 ||     8
Evoke: Wand              |       |       |       |     9 ||     9
       Phantom mirror    |       |       |       |     1 ||     1
  Use: Potion            |     1 |     2 |       |     9 ||    12
       Scroll            |       |     5 |     9 |    12 ||    26
 Stab: Sleeping          |     1 |       |    10 |     3 ||    14
       Distracted        |       |       |     2 |     3 ||     5
       Paralysed         |       |       |     1 |     3 ||     4
  Eat: Chunk             |     2 |    12 |    20 |    34 ||    68
       Fruit             |     1 |       |       |    12 ||    13
       Bread ration      |       |     2 |     1 |       ||     3
       Royal jelly       |       |       |     1 |     7 ||     8
       Pizza             |       |       |     1 |     3 ||     4
Armor: Robe              |    17 |    21 |     4 |    46 ||    88
       Skin              |       |       |    16 |     9 ||    25
Dodge: Dodged            |    82 |   135 |   329 |   338 ||   884
